 Dungeon Crawl Stone Soup version 0.30-a0-986-g7f2e898f52 (webtiles) character file.

Game seed: 13432903303103590340

32 DeathPants the Chopper (level 3, -2/18 HPs)
             Began as a Vine Stalker Gladiator on Apr 1, 2023.
             Slain by a goblin
             ... wielding a +0 club
             ... led by Robin
              (3 damage)
             ... on level 1 of the Dungeon.
             The game lasted 00:02:49 (756 turns).

DeathPants the Chopper (Vine Stalker Gladiator)      Turns: 756, Time: 00:02:49

Health: -2/18      AC:  7    Str: 18    XL:     3   Next: 25%
Magic:  0/4        EV: 10    Int:  8    God:
Gold:   84         SH:  0    Dex: 15    Spells: 2/2 levels left

rFire   . . .      SeeInvis .    a - +0 war axe
rCold   . . .      Faith    .    (no shield)
rNeg    . . .      Spirit   +    i - +0 scale mail
rPois   .          Reflect  .    c - +0 helmet
rElec   .          Rampage  .    (no cloak)
rCorr   .                        (no gloves)
Will    .....                    (no boots) Stlth
                                 (no amulet)
HPRegen 0.23/turn                (no ring)
MPRegen 0.09/turn                (no ring)

@: no status effects
A: fangs 2, magic shield, antimagic bite, no potion heal 2
a: no special abilities


You were on level 1 of the Dungeon.
You visited 1 branch of the dungeon, and saw 2 of its levels.

You collected 84 gold pieces.

Inventory:

Hand Weapons
 a - a +0 war axe (weapon)
Missiles
 d - 3 throwing nets (quivered)
 e - a javelin
 j - 4 boomerangs
Armour
 b - a +0 leather armour
 c - a +0 helmet (worn)
 i - a +0 scale mail (worn)
Scrolls
 g - a scroll of enchant weapon {unknown}
 k - a scroll of teleportation {unknown}
 l - a scroll of identify {unknown}
Potions
 f - 4 potions of attraction {unknown}
 h - a potion of invisibility {unknown}


   Skills:
 + Level 2.3 Fighting
 * Level 3.5 Axes
 - Level 1.7 Throwing
 - Level 2.4 Dodging


You had 2 spell levels left.
You didn't know any spells.
Your spell library contained the following spells:

 Spells                   Type           Power      Damage    Failure   Level
 Magic Dart               Conj           0%         1d3       83%         1
 Sandblast                Erth           0%         2d4       83%         1
 Passwall                 Tmut/Erth      0%         N/A       92%         2
 Searing Ray              Conj           0%         2d4       92%         2
 Inner Flame              Hex/Fire       0%         N/A       99%         3
 Stone Arrow              Conj/Erth      0%         3d7       99%         3
 Cause Fear               Hex            0%         N/A       100%        4
 Fulminant Prism          Conj/Hex       0%         3d5       100%        4
 Discord                  Hex            0%         N/A       100%        8


Dungeon Overview and Level Annotations

Branches:
Dungeon (2/15)

Altars:

Annotations:
D:2 Robin


Innate Abilities, Weirdness & Mutations

You have extremely sharp teeth.
When hurt, damage is shared between your health and your magic reserves.
Your bite disrupts and absorbs the magic of your enemies.
Potions cannot restore your health.


Message History

You slash the hobgoblin!
You kill the hobgoblin!
You closely miss the hobgoblin.
The goblin unwields a +0 club.
The goblin wields a +0 sling.
The goblin shoots a sling bullet.
The sling bullet hits you but does no damage.
Robin says, "Duck!"
The hobgoblin hits you but does no damage.
You slash the goblin!
You kill the goblin!
You closely miss the hobgoblin. You closely miss the goblin.
The hobgoblin hits you.
A goblin comes into view. It is wielding a +0 dagger.
Robin roars a battlecry!
The goblins go into a battle-frenzy!
The goblin hits you with a +0 club. The hobgoblin closely misses you.
Robin throws the goblin at you! The goblin hits you with a +0 club.
The goblin unwields a +0 sling.
The goblin wields a +0 club.
The goblin barely misses you. The hobgoblin hits you.
The goblin hits you with a +0 club.
You climb upwards.
There is a stone staircase leading down here.
You barely miss the goblin. Your bite misses the goblin.
You hit the hobgoblin but do no damage. You barely miss the goblin.
The goblin hits you with a +0 club.
* * * LOW HITPOINT WARNING * * *
The hobgoblin hits you.
* * * LOW HITPOINT WARNING * * *
The goblin hits you but does no damage. The goblin completely misses you.
You hit the goblin.
The goblin is severely wounded.
You closely miss the hobgoblin. You completely miss the goblin.
The goblin barely misses you. The hobgoblin barely misses you.
The goblin hits you with a +0 club.
* * * LOW HITPOINT WARNING * * *
You closely miss the goblin.
The goblin is severely wounded.
You hit the hobgoblin.
You kill the hobgoblin!
You closely miss the goblin. The goblin hits you with a +0 club.
You die...

##..............#
#..........##.###
#...#......##.#
#...##...#.##.#
##.....####.##.# #......#
#.##.# #......####.##.#
####...........##†# #
#..............g@g# #
..†.......######### #
#.........# # ####......#####
#
#..........###################
#...#........##...............
######.###.#.##.##############
#..##.#)##.## ##.........
##.##.#.#...###..####....


You could see 2 goblins.

Vanquished Creatures
  A worm (D:2)
  A ball python (D:1)
  A bat (D:1)
  4 endoplasms
  4 hobgoblins
  3 jackals (D:1)
  A quokka (D:1)
  2 frilled lizards (D:1)
  6 goblins
  2 kobolds (D:1)
  A rat (D:1)
26 creatures vanquished.

Notes
Turn   | Place    | Note
-------+----------+-------------------------------------------
     0 | D:1      | DeathPants the Vine Stalker Gladiator began the quest for
                  | the Orb.
     0 | D:1      | Reached XP level 1. HP: 11/11 MP: 2/2
   194 | D:1      | Reached skill level 3 in Axes
   199 | D:1      | Reached XP level 2. HP: 13/15 MP: 3/3
   269 | D:1      | You fall into a shaft and drop 1 floor!
   463 | D:1      | Reached XP level 3. HP: 12/18 MP: 2/4
   520 | D:1      | Found a faded altar of an unknown god.
   745 | D:2      | Noticed Robin
   756 | D:1      | Slain by a goblin

Illustrated notes

Levels and vault maps discovered:
D:1:      lightli_arrival_maybe_door_vault, layout_loops_ring,
          chequers_ecumenical_altar_simple
D:2:      layout_basic, minmay_split_cup_small, uniq_jessica, uniq_robin

Skill      XL: |  1 |
---------------+----+-----
Fighting       | 2 |  2.3
Axes           | 3 |  3.5
Throwing       | |  1.7
Dodging        | |  2.4

Action                     || total
---------------------------++-------
  Melee: War axe           ||    60
         Bite              ||     9
         Punch             ||     2
 Armour: Scale mail        ||    37
         Leather armour    ||     2
  Dodge: Dodged            ||    37

Table legend: (Time is in decaauts)
 A = Elapsed time spent in this place.
 B = Non-inter-level travel time spent in this place.
 C = Inter-level travel time spent in this place.
 D = Time resting spent in this place.
 E = Time spent auto-exploring this place.
 F = Levels seen in this place.
 G = Mean time per level.
                   A        B        C        D        E       F      G
               +--------+--------+--------+--------+--------+-----+--------+
         Total |    776 |    745 |     31 |      0 |    488 |   2 |  388.0 |
       Dungeon |    776 |    745 |     31 |      0 |    488 |   2 |  388.0 |
               +--------+--------+--------+--------+--------+-----+--------+

Top non-repeatable levels by time:
     D:1: 635 daAuts
     D:2: 140 daAuts
